 Dungeon Crawl Stone Soup version 0.30-a0-782-ge64f9170bb (webtiles) character file.

Game seed: 3321368120231729717

19 theswoord the Magician (level 2, -5/21 HPs)
             Began as a Djinni Ice Elementalist on Feb 19, 2023.
             Killed from afar by Natasha (6 damage)
             ... with a magic dart
             ... on level 2 of the Dungeon.
             The game lasted 00:01:59 (910 turns).

theswoord the Magician (Djinni Ice Elementalist)     Turns: 910, Time: 00:02:00

Health: -5/21      AC:  2    Str:  7    XL:     2   Next: 95%
Gold:   59         EV: 12    Int: 16    God:
                   SH:  0    Dex: 13

rFire   + + .      SeeInvis .    (no weapon)
rCold   x . .      Faith    .    (no shield)
rNeg    . . .      Spirit   .    a - +0 robe
rPois   ∞          Reflect  .    (no helmet)
rElec   .          Harm     .    (no cloak)
rCorr   .          Rampage  .    (no gloves)
Will    .....                    (boots unavailable)
Stlth   ++                       (no amulet)
HPRegen 0.23/turn                (no ring)
MPRegen 0.00/turn                (no ring)

@: flying
A: sickness immunity, fire resistance 2, cold vulnerability 1, float, innate
caster, HP casting, extra vitality 1
a: no special abilities


You were on level 2 of the Dungeon.
You visited 1 branch of the dungeon, and saw 2 of its levels.

You collected 59 gold pieces.

Inventory:

Armour
 a - a +0 robe (worn)
Potions
 b - 2 potions of haste {unknown}


   Skills:
 + Level 0.1 Fighting
 - Level 2.1 Dodging
 - Level 1.5 Stealth
 + Level 3.8 Spellcasting


You couldn't memorise any spells.
You knew the following spells:

 Your Spells              Type           Power      Damage    Failure   Level
a - Freeze                Ice            60%        1d7       3%          1
b - Frozen Ramparts       Ice            30%        1d5       11%         3
c - Ozocubu's Armour      Ice            15%        N/A       11%         3
d - Summon Ice Beast      Ice/Summ       15%        N/A       34%         4
Your spell library was empty.

Dungeon Overview and Level Annotations

Branches:
Dungeon (2/15)

Altars:

Annotations:
D:2 Natasha


Innate Abilities, Weirdness & Mutations

You are immune to sickness and miasma.
You are immune to poison.
Your flesh is very heat resistant. (rF++)
You are vulnerable to cold. (rC-)
You float through the air rather than walking.
You learn spells naturally, not from books.
Your magical power is your life essence.
You have superior vitality. (+4 MHP)


Message History

There are monsters nearby!
There are monsters nearby!
Found a sling.
Your bat misses Natasha. You freeze the endoplasm.
You kill the endoplasm!
Your bat barely misses Natasha.
Natasha mumbles some strange words.
Your bat barely misses the shadow imp.
Natasha claws your adder. The shadow imp gestures at you.
Pain shoots through your body!
Ouch! That really hurt!
* * * LOW HITPOINT WARNING * * *
Your bat hits the shadow imp but does no damage.
Your adder bites Natasha.
The shadow imp hits your endoplasm.
Your endoplasm hits the shadow imp.
You swap places.
Your bat hits the shadow imp.
Natasha claws your bat but does no damage.
Your adder barely misses Natasha.
The shadow imp hits you but does no damage.
Your bat hits Natasha but does no damage.
You freeze the shadow imp but do no damage.
The shadow imp completely resists.
* * * LOW HITPOINT WARNING * * *
Your bat misses Natasha.
Your bat barely misses the shadow imp.
Your adder barely misses Natasha.
Natasha barely misses your bat. The shadow imp hits you.
* * * LOW HITPOINT WARNING * * *
Your endoplasm hits Natasha.
Your bat hits Natasha but does no damage.
You hit the shadow imp.
Your bat closely misses Natasha.
Your adder bites Natasha.
Your endoplasm closely misses Natasha.
The shadow imp shouts, "Leave, thou unmuzzled doghearted giglet!"
The shadow imp completely misses you. Natasha misses you.
You freeze Natasha!
* * * LOW HITPOINT WARNING * * *
Your bat barely misses Natasha.
Your adder barely misses Natasha.
Natasha casts a spell at you. The magic dart hits you.
You die...

#... .# ....
#.# .... #.#
#..######.#
#.........#
#...#S#.#.#
###...5hJ...#
......b@....##
#.#..........#
#.#.....#.##.#
#.......#.# )#
#.........# .#
###....##.# .#
#.........##.#
#............#
#.#..#.#####.#


You could see Natasha (ally target), a shadow imp (summoned, ally target), a
friendly adder (summoned), a friendly endoplasm (summoned) and a friendly bat
(summoned).

Vanquished Creatures
  A dart slug (D:1)
  An endoplasm (D:2)
  4 giant cockroaches (D:1)
  A goblin (D:1)
  2 hobgoblins (D:1)
  4 bats (D:1)
  A frilled lizard (D:1)
  A kobold (D:1)
  A rat (D:1)
16 creatures vanquished.

Notes
Turn   | Place    | Note
-------+----------+-------------------------------------------
     0 | D:1      | theswoord the Djinni Ice Elementalist began the quest for
                  | the Orb.
     0 | D:1      | theswoord set off with the following spells memorised:
                  | Freeze, Frozen Ramparts, Ozocubu's Armour, Summon Ice
                  | Beast.
     0 | D:1      | Reached XP level 1. HP: 15/15 MP: 0/0
   305 | D:1      | Reached XP level 2. HP: 15/21 MP: 0/0
   900 | D:2      | Noticed Natasha
   910 | D:2      | Killed from afar by Natasha

Action                     || total
---------------------------++-------
  Melee: Unarmed           ||    31
         Punch             ||     1
   Cast: Freeze            ||    25
    Use: Scroll            ||     1
   Stab: Sleeping          ||     1
 Armour: Robe              ||    14
  Dodge: Dodged            ||    34

Levels and vault maps discovered:
D:1:      minmay_arrival_solitary_statue, layout_loops_ring,
          serial_bayou_crossing
D:2:      layout_basic, uniq_natasha
